 Dungeon Crawl Stone Soup version 0.30-a0-568-g124715a40b (webtiles) character file.

Game seed: 2393548613144928049

3178 oldriver the Covert (level 9, -10/90 HPs)
             Began as a Naga Artificer on Dec 28, 2022.
             Was a Follower of Wu Jian.
             Mangled by a two-headed ogre
             ... wielding a +0 giant club
              (12 damage)
             ... on level 7 of the Dungeon on Dec 29, 2022.
             The game lasted 00:12:43 (7317 turns).

oldriver the Covert (Naga Artificer)                Turns: 7317, Time: 00:12:44

Health: -10/90     AC: 18    Str: 18    XL:     9   Next: 95%
Magic:  9/9        EV:  8    Int: 19    God:    Wu Jian [*.....]
Gold:   67         SH:  0    Dex: 13    Spells: 8/8 levels left

rFire   + . .      SeeInvis +    B - +6 falchion (heavy)
rCold   + . .      Faith    .    (no shield)
rNeg    . . .      Spirit   .    f - +1 leather armour {rC+}
rPois   +          Reflect  .    A - +0 helmet
rElec   .          Harm     .    w - +0 cloak
rCorr   .          Rampage  .    h - +2 pair of gloves {hurl}
Will    +....                    g - +3 barding of the Tormentor {rF+ Int+8}
Stlth   ++++                     (no amulet)
HPRegen 0.35/turn                (no ring)
MPRegen 0.11/turn                (no ring)

@: short of breath, very slow
A: AC +3, large, see invisible, deformed body, poison resistance, slowness 2,
spit poison 1, naga tail 1
a: Spit Poison, Renounce Religion


You were on level 7 of the Dungeon.
You worshipped Wu Jian.
Wu Jian was aware of your devotion.
You visited 1 branch of the dungeon, and saw 7 of its levels.

You collected 520 gold pieces.
You spent 453 gold pieces at shops.

Inventory:

Hand Weapons
 m - a +0 heavy sling
 B - a +6 heavy falchion (weapon)
Missiles
 n - 29 poisoned darts
Armour
 f - a +1 leather armour of cold resistance (worn)
 g - the +3 barding of the Tormentor (worn) {rF+ Int+8}
   (You acquired it on level 4 of the Dungeon)

   Int:       It affects your intelligence (+8).
   rF:        It protects you from fire.
 h - a +2 pair of gloves of hurling (worn)
 w - a +0 cloak (worn)
 A - a +0 helmet (worn)
Wands
 c - a wand of flame (2)
 d - a wand of charming (7)
 e - a wand of iceblast (21)
 s - a wand of polymorph (5)
Scrolls
 a - a scroll of identify
 i - 3 scrolls of teleportation
 j - a scroll of fear
 l - a scroll of brand weapon
Potions
 b - a potion of heal wounds
 k - 4 potions of flight
 o - 4 potions of curing
 p - a potion of invisibility {unknown}
 q - 2 potions of lignification
 t - a potion of berserk rage {unknown}
 u - a potion of attraction {unknown}
 v - a potion of experience {unknown}
 x - a potion of mutation {unknown}
 z - 4 potions of might {unknown}


   Skills:
 + Level 8.3 Fighting
 - Level 5.0(6.0) Short Blades
 * Level 5.0(6.0) Long Blades
 - Level 3.0 Armour
 + Level 2.8 Dodging
 - Level 10.0 Stealth
 - Level 3.0 Evocations


You had 8 spell levels left.
You didn't know any spells.
Your spell library contained the following spells:

 Spells                   Type           Power      Damage    Failure   Level
 Apportation              Tloc           0%         N/A       24%         1
 Magic Dart               Conj           0%         1d3       24%         1
 Necrotise                Necr           0%         1d4       24%         1
 Summon Small Mammal      Summ           0%         N/A       24%         1
 Call Imp                 Summ           0%         N/A       36%         2
 Searing Ray              Conj           0%         2d4       36%         2
 Static Discharge         Conj/Air       0%         2-2/arc   36%         2
 Mephitic Cloud           Conj/Pois/Air  0%         N/A       58%         3
 Vhi's Electric Charge    Tloc/Air       0%         N/A       58%         3
 Fulminant Prism          Conj/Hex       0%         3d5       94%         4
 Arcjolt                  Conj/Air       0%         1d10      100%        5
 Lightning Bolt           Conj/Air       0%         1d11      100%        5


Dungeon Overview and Level Annotations

Branches:
Dungeon (7/15)             Temple (0/1) D:6

Altars:
Ashenzari
Dithmenos
Fedhas
Nemelex Xobeh
Wu Jian
Xom

Shops:
D:6 (   D:7 :

Annotations:
D:4 1 runed translucent door, lotum's ghost, amateur MeEE


Innate Abilities, Weirdness & Mutations

Your serpentine skin is tough. (AC +3)
You have supernaturally acute eyesight. (SInv)
Armour fits poorly on your strangely shaped body.
Your system is resistant to poisons. (rPois)
You cover ground very slowly.
You can spit poison.
You have a snake-like lower body.


Message History

You barely miss the two-headed ogre.
The two-headed ogre is lightly wounded.
The two-headed ogre hits you but does no damage.
The two-headed ogre hits you with a +0 giant club!
You barely miss the two-headed ogre.
The two-headed ogre is lightly wounded.
The two-headed ogre hits you with a +0 giant club!
The two-headed ogre hits you but does no damage.
You slash the two-headed ogre!
The two-headed ogre is moderately wounded.
The two-headed ogre hits you but does no damage.
The two-headed ogre hits you with a +0 giant club.
You slash the two-headed ogre!
The two-headed ogre is severely wounded.
The two-headed ogre hits you with a +0 giant club!
The two-headed ogre barely misses you.
You slash the two-headed ogre!
The two-headed ogre is severely wounded.
The two-headed ogre hits you with a +0 giant club!
The two-headed ogre hits you but does no damage.
You slash the two-headed ogre!
The two-headed ogre is almost dead.
The two-headed ogre closely misses you.
The two-headed ogre hits you with a +0 giant club!
You barely miss the two-headed ogre.
The two-headed ogre is almost dead.
The two-headed ogre closely misses you.
The two-headed ogre hits you with a +0 giant club.
* * * LOW HITPOINT WARNING * * *
Okay, then.
Aiming: Spit Poison (1% risk of failure)
Press: ? - help, Shift-Dir - straight line, f/p - two-headed ogre
Aim: a two-headed ogre, wielding two +0 giant clubs (almost dead, poisoned, 83% to hit)
The splash of poison hits the two-headed ogre.
The two-headed ogre looks even sicker.
The two-headed ogre is almost dead.
The two-headed ogre hits you with a +0 giant club!!
* * * LOW HITPOINT WARNING * * *
The two-headed ogre hits you with a +0 giant club!
You die...

#
♣♣♣###..########...#
#
.♣.P(.............#(#
#
♣.P...(.#########...#
# ♣P.....# ##.##
♣♣..(..##########)##
♣♣##(.............#
#.###########.)# #O#
#..# #### #@# ##.#
#..#####.####
#######.#
#...........#
#.......#
#.######.##.#
#.#####.# #.# #.##.#
#[# #.# #.# #.##.#
#.# #.# #.# #.##.#
#.# #.# #.# #.##.#
#.# #.# #.#
#.##.###.# #.#


You could see a two-headed ogre (very poisoned).

Vanquished Creatures
  A cyclops (D:7)
  A hornet (D:7)
  Menkaure (D:5)
  2 water moccasins
  An ice beast (D:6)
  An orc warrior (D:7)
  An ogre (D:4)
  A phantom (D:4)
  A kobold brigand (D:7)
  3 bullfrogs
  2 scorpions
  10 wights
  5 killer bees (D:7)
  A howler monkey (D:5)
  3 jellies
  2 hounds
  An orc priest (D:3)
  Natasha (thrice) (D:2)
  4 iguanas
  2 orc wizards (D:7)
  5 gnolls
  10 adders
  2 shadow imps (D:7)
  2 white imps
  2 ufetubi
  A worm (D:2)
  5 dart slugs
  13 orcs
  5 bats
  9 endoplasms
  8 giant cockroaches
  7 goblins
  5 hobgoblins
  9 kobolds
  3 quokkas
  6 ball pythons
  2 frilled lizards
  6 rats
146 creatures vanquished.

Vanquished Creatures (collateral kills)
  A scorpion (D:4)
  A wight (D:6)
  A hobgoblin (D:4)
3 creatures vanquished.

Vanquished Creatures (others)
  A wight (D:6)
  A gnoll (D:4)
  A fungus (D:7)
3 creatures vanquished.

Grand Total: 152 creatures vanquished

Notes
Turn   | Place    | Note
-------+----------+-------------------------------------------
     0 | D:1      | oldriver the Naga Artificer began the quest for the Orb.
     0 | D:1      | Reached XP level 1. HP: 18/18 MP: 1/1
   124 | D:1      | Reached skill level 2 in Stealth
   338 | D:1      | Reached XP level 2. HP: 23/25 MP: 2/2
   598 | D:1      | Reached skill level 3 in Stealth
  1001 | D:2      | Reached XP level 3. HP: 32/32 MP: 3/3
  1043 | D:2      | Noticed Natasha
  1046 | D:2      | Killed Natasha
  1047 | D:2      | Reached skill level 4 in Stealth
  1266 | D:2      | Reached XP level 4. HP: 40/40 MP: 4/4
  1510 | D:2      | Noticed Natasha
  1559 | D:2      | Killed Natasha
  1560 | D:2      | Reached skill level 5 in Stealth
  1734 | D:2      | Reached XP level 5. HP: 39/49 MP: 5/5
  1794 | D:2      | Noticed Natasha
  1799 | D:2      | Killed Natasha
  2043 | D:3      | Found a shadowy altar of Dithmenos.
  2557 | D:3      | Reached skill level 6 in Stealth
  2831 | D:4      | Reached XP level 6. HP: 57/57 MP: 6/6
  2875 | D:4      | Found a runed translucent door.
  3027 | D:4      | Reached skill level 7 in Stealth
  3183 | D:4      | Found a blossoming altar of Fedhas.
  3329 | D:4      | Identified a scroll of acquirement
  3329 | D:4      | Acquired the +3 barding of the Tormentor {rF+ Int+8}
  3514 | D:4      | Noticed lotum's ghost (amateur MeEE)
  3667 | D:4      | Reached skill level 5 in Fighting
  3667 | D:4      | Reached skill level 8 in Stealth
  3667 | D:4      | Reached XP level 7. HP: 67/67 MP: 7/7
  3923 | D:5      | Entered Level 5 of the Dungeon
  3923 | D:5      | Found a sparkling altar of Nemelex Xobeh.
  3977 | D:5      | Noticed Menkaure
  3985 | D:5      | Killed Menkaure
  3986 | D:5      | Reached skill level 9 in Stealth
  4180 | D:5      | Found a shimmering altar of Xom.
  4389 | D:5      | Reached skill level 1 in Short Blades
  4389 | D:5      | Reached XP level 8. HP: 62/76 MP: 8/8
  4691 | D:5      | Found an ornate altar of the Wu Jian Council.
  4864 | D:5      | Became a worshipper of the Wu Jian Council
  5090 | D:6      | Reached skill level 10 in Stealth
  5234 | D:6      | Found Ziran's Weapon Shoppe.
  5341 | D:6      | Reached skill level 5 in Short Blades
  5434 | D:6      | Reached XP level 9. HP: 82/86 MP: 9/9
  5509 | D:6      | You fall into a shaft and drop 1 floor!
  5570 | D:7      | Reached skill level 1 in Dodging
  5615 | D:6      | Reached * piety under Wu Jian
  5616 | D:6      | Reached skill level 1 in Long Blades
  5791 | D:6      | Found a staircase to the Ecumenical Temple.
  6041 | D:6      | Bought a +5 heavy falchion for 453 gold pieces
  6584 | D:7      | Noticed a hornet
  6590 | D:7      | Killed a hornet
  6704 | D:7      | Found a broken altar of Ashenzari.
  6719 | D:7      | Found Toegejosh's Tremendous Tomes.
  7142 | D:7      | Noticed a cyclops
  7229 | D:7      | Killed a cyclops
  7230 | D:7      | Reached skill level 5 in Long Blades
  7303 | D:7      | Noticed a two-headed ogre
  7317 | D:7      | HP: 2/90 [two-headed ogre/+0 giant club (22)]
  7317 | D:7      | Mangled by a two-headed ogre

Illustrated notes

Levels and vault maps discovered:
D:1:      psy_arrival_spokes, layout_basic, hex_large
D:2:      layout_basic, uniq_natasha
D:3:      layout_loops_cross, nicolae_dithmenos_the_darkroom
D:4:      layout_basic, mainiacjoe_overflow_surrounded_room,
          hellmonk_ghost_happy_afterlife
D:5:      layout_basic, nzn_wu_jian_contemplation,
          mainiacjoe_overflow_catch_the_wave, uniq_menkaure
D:6:      layout_basic, minmay_temple_entry_glassed_door, serial_shops, shop
D:7:      minmay_the_grid_square_5x5_3x3 [minmay_the_grid_square_5x5_eight,
          minmay_the_grid_square_5x5_shrine2, minmay_the_grid_square_5x5_fat_x,
          minmay_the_grid_square_5x5_six,
          minmay_the_grid_square_5x5_megaprize_checkered,
          minmay_the_grid_square_5x5_minivault,
          minmay_the_grid_square_5x5_minibox,
          minmay_the_grid_square_5x5_two_walls_a,
          minmay_the_grid_square_5x5_corner], layout_loops_ring,
          nicolae_overflow_hidden_temple, nicolae_shop_i_like_big_books,
          uniq_crazy_yiuf_cottage

Skill      XL: |  1  2  3  4  5  6  7  8  9 |
---------------+----------------------------+-----
Stealth        | 2 3 4 5 6 8 9 10 | 10.0
Fighting       | 2 3 4 5 6 7 8 |  8.3
Short Blades   | 1 5 |  5.0
Dodging        | 2 |  2.8
Long Blades    | 5 |  5.0
Armour         | 3 |  3.0
Evocations     | |  3.0

Action                   |  1- 3 |  4- 6 |  7- 9 || total
-------------------------+-------+-------+-------++-------
Melee: Club              |    74 |   111 |       ||   185
       Punch             |     3 |     1 |     2 ||     6
       Unarmed           |       |     3 |       ||     3
       Long sword        |       |    23 |       ||    23
       Short sword       |       |    21 |   256 ||   277
       Falchion          |       |       |    85 ||    85
Throw: Dart              |       |       |     8 ||     8
Invok: Lunge             |       |       |    14 ||    14
       Whirlwind         |       |       |     1 ||     1
 Abil: Spit Poison       |    21 |    40 |     9 ||    70
Evoke: Wand              |     2 |    10 |    12 ||    24
  Use: Scroll            |       |    12 |     3 ||    15
 Stab: Sleeping          |     1 |     4 |    22 ||    27
       Distracted        |       |       |     2 ||     2
Armor: Leather armour    |    43 |    99 |   159 ||   301
Dodge: Dodged            |    48 |    99 |    93 ||   240

Table legend: (Time is in decaauts)
 A = Elapsed time spent in this place.
 B = Non-inter-level travel time spent in this place.
 C = Inter-level travel time spent in this place.
 D = Time resting spent in this place.
 E = Time spent auto-exploring this place.
 F = Levels seen in this place.
 G = Mean time per level.
                   A        B        C        D        E       F      G
               +--------+--------+--------+--------+--------+-----+--------+
         Total |   9352 |   8821 |    531 |    821 |   5978 |   7 | 1336.0 |
       Dungeon |   9352 |   8821 |    531 |    821 |   5978 |   7 | 1336.0 |
               +--------+--------+--------+--------+--------+-----+--------+

Top non-repeatable levels by time:
     D:7: 1609 daAuts
     D:4: 1487 daAuts
     D:5: 1458 daAuts
     D:2: 1405 daAuts
     D:1: 1225 daAuts
     D:6: 1096 daAuts
     D:3: 1070 daAuts
